 Dungeon Crawl Stone Soup version 0.26-a0-1213-gd52f5182fe (webtiles) character file.

Game seed: 17605906433374067810

106 vvl the Skirmisher (level 4, 0/35 HPs)
             Began as a Demonspawn Fighter on Dec 30, 2020.
             Killed from afar by an orc wizard (5 damage)
             ... with a magic dart
             ... on level 3 of the Dungeon.
             The game lasted 00:07:00 (1998 turns).

vvl the Skirmisher (Demonspawn Fighter)             Turns: 1998, Time: 00:07:00

Health: 0/35       AC:  6    Str: 17    XL:     4   Next: 55%
Magic:  5/5        EV:  7    Int: 10    God:
Gold:   97         SH:  9    Dex: 12    Spells: 4/4 levels left

rFire    . . .     SeeInvis .   a - +0 trident
rCold    . . .     Faith    .   c - +0 kite shield
rNeg     . . .     Spirit   .   b - +0 scale mail
rPois    .         Reflect  .   (no helmet)
rElec    .         Harm     .   (no cloak)
rCorr    .         Rampage  .   (no gloves)
Will     .....                  (no boots)
Stlth    ..........             (no amulet)
HPRegen  0.11/turn              (no ring)
MPRegen  0.09/turn              (no ring)

@: no status effects
A: demonic guardian 1
a: no special abilities


You were on level 3 of the Dungeon.
You visited 1 branch of the dungeon, and saw 3 of its levels.

You collected 97 gold pieces.

Inventory:

Hand Weapons
 a - a +0 trident (weapon)
Armour
 b - a +0 scale mail (worn)
 c - a +0 kite shield (worn)
Jewellery
 h - a +6 ring of intelligence {unknown}
Wands
 i - a wand of flame (26)
Scrolls
 d - 3 scrolls of teleportation {unknown}
 j - a scroll of enchant armour {unknown}
 k - a scroll of fear {unknown}
 l - a scroll of blinking {unknown}
 m - a scroll of identify {unknown}
 p - a scroll of immolation {unknown}
Potions
 e - a potion of curing {unknown}
 f - 2 potions of attraction {unknown}
 g - a potion of cancellation {unknown}
 n - 2 potions of heal wounds {unknown}
 o - a potion of brilliance {unknown}
 q - a potion of degeneration {unknown}
 r - a potion of magic {unknown}


   Skills:
 + Level 3.4 Fighting
 * Level 2.8 Polearms
 + Level 3.0 Armour
 + Level 3.0 Shields
 + Level 0.5 Spellcasting
 + Level 2.0 Invocations
 + Level 0.8 Evocations


You had 4 spell levels left.
You didn't know any spells.
Your spell library was empty.

Dungeon Overview and Level Annotations

Branches:
Dungeon (3/15)

Altars:
Elyvilon


Innate Abilities, Weirdness & Mutations

A weak demonic guardian rushes to your aid.


Message History

Your ufetubus hits the orc.
The orc dies!
Something hits your ufetubus.
Your ufetubus barely misses the orc priest.
Your ufetubus hits the orc priest but does no damage.
The orc priest calls down the wrath of Beogh upon you.
Beogh smites you!
* * * LOW HITPOINT WARNING * * *
Your ufetubus closely misses the orc priest.
Your ufetubus hits the orc priest but does no damage.
Your ufetubus barely misses the orc priest.
Your ufetubus hits the orc priest but does no damage.
Something hits your ufetubus but does no damage.
The orc priest barely misses your ufetubus.
Your ufetubus hits the orc priest but does no damage.
Your ufetubus barely misses the orc priest. x2
Your ufetubus misses the orc priest.
A magic dart appears from out of thin air!
The magic dart hits you.
You die...

#.# # ####+## ##.## #
.......## #...# #
........# #.P.# .
........# #...# .
.....5..# ##.## .
.....o5.# ######.## .
.....{).#####.......#
.
#######..@....#####.#
######........#
#.....##.......
#.#.#.##.......
#.#)#.##.......
#.#.#.##.......
#.#...##...(...
..##...+....... ##
.## .......


You could see an orc priest and 2 friendly ufetubi.

Vanquished Creatures
  4 adders (D:2)
  A dart slug (D:2)
  A leopard gecko (D:1)
  An orc (D:3)
  A giant cockroach (D:2)
  6 goblins
  4 hobgoblins
  10 jackals
  A quokka (D:2)
  A ball python (D:3)
  5 bats
  A frilled lizard (D:2)
  9 kobolds
  7 rats
52 creatures vanquished.

Vanquished Creatures (collateral kills)
  A gnoll (D:1)
  3 orcs (D:3)
  A hobgoblin (D:1)
  A kobold (D:1)
  A rat (D:1)
7 creatures vanquished.

Grand Total: 59 creatures vanquished

Notes
Turn   | Place    | Note
-------+----------+-------------------------------------------
     0 | D:1      | vvl the Demonspawn Fighter began the quest for the Orb.
     0 | D:1      | Reached XP level 1. HP: 18/18 MP: 1/1
   299 | D:1      | Gained mutation: A weak demonic guardian rushes to your
                  | aid. [demonic ancestry]
   299 | D:1      | Reached XP level 2. HP: 21/24 MP: 2/2
   615 | D:1      | Reached skill level 1 in Invocations
   736 | D:1      | You fall into a shaft and drop 1 floor!
   789 | D:2      | Reached XP level 3. HP: 29/29 MP: 3/3
  1363 | D:2      | Reached XP level 4. HP: 32/35 MP: 5/5
  1957 | D:3      | Found a white marble altar of Elyvilon.
  1998 | D:3      | Killed from afar by an orc wizard

Illustrated notes

Levels and vault maps discovered:
D:1:      dpeg_arrival_arbitrary_b, layout_rooms, patterned_corridor
D:2:      layout_loops_ring
D:3:      layout_basic, elyvilon_altar_1

Skill      XL: |  1  2  3  4 |
---------------+-------------+-----
Polearms       | 2 |  2.8
Invocations    | 1 2 |  2.0
Armour         | 3 |  3.0
Shields        | 3 |  3.0
Fighting       | |  3.4
Spellcasting   | |  0.5
Evocations     | |  0.8

Action                   |  1- 3 |  4- 6 || total
-------------------------+-------+-------++-------
Melee: Trident           |   117 |    53 ||   170
  Use: Potion            |     1 |       ||     1
Armor: Scale mail        |    45 |    10 ||    55
Dodge: Dodged            |    29 |    18 ||    47
Block: Kite shield       |    57 |    21 ||    78

Table legend: (Time is in decaauts)
 A = Elapsed time spent in this place.
 B = Non-inter-level travel time spent in this place.
 C = Inter-level travel time spent in this place.
 D = Time resting spent in this place.
 E = Time spent auto-exploring this place.
 F = Levels seen in this place.
 G = Mean time per level.
                   A        B        C        D        E       F      G
               +--------+--------+--------+--------+--------+-----+--------+
         Total |   2043 |   1977 |     66 |      0 |   1630 |   3 |  681.0 |
       Dungeon |   2043 |   1977 |     66 |      0 |   1630 |   3 |  681.0 |
               +--------+--------+--------+--------+--------+-----+--------+

Top non-repeatable levels by time:
     D:2: 1133 daAuts
     D:1: 751 daAuts
     D:3: 159 daAuts
